 Dungeon Crawl Stone Soup version 0.31.0-7-gf635a9b802 (webtiles) character file.

Game seed: 12998633458716420408

48 JustSomeDude the Trooper (level 3, -1/29 HPs)
             Began as a Demonspawn Monk on Jan 23, 2024.
             Was a Priest of Nemelex Xobeh.
             Slain by a goblin
             ... wielding a +0 club
             ... led by Robin
              (3 damage)
             ... on level 2 of the Dungeon.
             The game lasted 00:04:43 (1119 turns).

JustSomeDude the Trooper (Demonspawn Monk)          Turns: 1119, Time: 00:04:44

Health: -1/29      AC:  2    Str: 13    XL:     3   Next: 50%
Magic:  3/3        EV: 13    Int: 16    God:    Nemelex Xobeh [***...]
Gold:   29         SH:  0    Dex: 15    Spells: 2/2 levels left

rFire   . . .        a - +0 short sword
rCold   . . .        d - orb {light}
rNeg    . . .        b - +0 robe
rPois   .            (helmet restricted)
rElec   .            (no cloak)
rCorr   .            (no gloves)
SInv    .            (no boots)
Will    .....        (no amulet)
Stlth   +            i - +6 ring of intelligence
HPRegen 0.24/turn    (no ring)
MPRegen 0.16/turn

%: no passive effects
@: glowing
A: horns 1, magic regeneration
a: Renounce Religion, Draw Escape, Draw Destruction, Draw Summoning, Triple Draw


You were on level 2 of the Dungeon.
You worshipped Nemelex Xobeh.
Nemelex Xobeh was most pleased with you.
You visited 1 branch of the dungeon, and saw 2 of its levels.

You collected 29 gold pieces.

Inventory:

Hand Weapons
 a - a +0 short sword (weapon)
Armour
 b - a +0 robe (worn)
 d - an orb of light (worn)
 h - a +0 chain mail
Jewellery
 i - a +6 ring of intelligence (left hand)
Scrolls
 e - 2 scrolls of teleportation {unknown}
 f - a scroll of identify {unknown}
Potions
 c - a potion of ambrosia
 g - a potion of attraction {unknown}
 j - a potion of invisibility {unknown}


   Skills:
 + Level 3.4 Fighting
 + Level 3.2 Short Blades
 * Level 0.3 Armour
 + Level 3.1 Dodging
 + Level 0.2 Stealth
 * Level 1.1 Invocations


You had 2 spell levels left.
You didn't know any spells.
Your spell library was empty.

Dungeon Overview and Level Annotations

Branches:
Dungeon (2/15)

Altars:
Nemelex Xobeh
Wu Jian


Innate Abilities, Weirdness & Mutations

You have a pair of small horns on your head.
You regenerate magic rapidly.


Message History

Robin is heavily wounded.
Robin hits you with a +0 club.
* * * LOW HITPOINT WARNING * * *
You draw a card...
You have drawn the Orb.
Press: ? - help, Shift-Dir - straight line, f - Robin
Aim: Robin, wielding a +0 club, wearing a +0 animal skin and wearing a +0 helmet (heavily wounded, haloed)
Your orb of destruction hits a rock wall. x2
The wavering orb of destruction weakly hits Robin!
You blow up Robin!
Your orb of destruction hits a rock wall.
You hear a shout!
A goblin comes into view. It is wielding a +0 dagger.
Your orb of destruction hits a rock wall.
Your Invocations skill increases to level 1!
Things that are here:
a +0 dagger; a goblin corpse The frilled lizard barely misses you.
You barely miss the frilled lizard. The frilled lizard barely misses you.
You hit the frilled lizard.
You kill the frilled lizard!
You see here a frilled lizard corpse.
The goblin barely misses you.
A goblin comes into view. It is wielding a +0 club.
You see here a frilled lizard corpse.
You barely miss the goblin. You headbutt the goblin.
The goblin is heavily wounded.
The goblin hits you with a +0 dagger.
* * * LOW HITPOINT WARNING * * *
You hit the goblin.
You kill the goblin!
You see here a +0 dagger.
The goblin hits you with a +0 club.
* * * LOW HITPOINT WARNING * * *
Things that are here:
a +0 dagger; a goblin corpse You closely miss the goblin.
Your headbutt misses the goblin. The goblin hits you with a +0 club.
You die...
Your body glows slightly brighter and disappears.

....... ...... .....
....########.############
.......<..........)..>...
..........######.#†######
.....#.##.## #)#g#
...........#####g#.#
..#..#.##.......@#g#
..#..#.##.######)#.#
..#..#.##.# #†#g#
..........# #.#.#
.....#..#.#### #.#
.........<...###.#
..#....).........#
..#...###.##.###.#
......# #.##.###..


You could see a goblin.

Vanquished Creatures
  Robin (D:2)
  A dart slug (D:1)
  A ribbon worm (D:2)
  4 ball pythons
  2 endoplasms (D:1)
  A giant cockroach (D:1)
  5 goblins
  4 hobgoblins
  6 bats
  2 frilled lizards
  4 kobolds
  A spectral goblin (D:1)
32 creatures vanquished.

Notes
Turn   | Place    | Note
-------+----------+-------------------------------------------
     0 | D:1      | JustSomeDude the Demonspawn Monk began the quest for the
                  | Orb.
     0 | D:1      | Reached XP level 1. HP: 18/18 MP: 1/1
   238 | D:1      | Gained mutation: You regenerate magic rapidly. [demonic
                  | ancestry]
   238 | D:1      | Reached XP level 2. HP: 14/24 MP: 2/2
   449 | D:1      | Found a faded altar of an unknown god.
   461 | D:1      | Prayed at the altar of an unknown god.
   461 | D:1      | Became a worshipper of Nemelex Xobeh the Trickster
   461 | D:1      | Reached * piety under Nemelex Xobeh
   461 | D:1      | Received a gift from Nemelex Xobeh
   461 | D:1      | Reached ** piety under Nemelex Xobeh
   461 | D:1      | Received a gift from Nemelex Xobeh
   461 | D:1      | Received a gift from Nemelex Xobeh
   742 | D:1      | Reached *** piety under Nemelex Xobeh
   919 | D:2      | Received a gift from Nemelex Xobeh
  1027 | D:2      | Found an ornate altar of the Wu Jian Council.
  1084 | D:2      | Discovered your monstrous ancestry.
  1084 | D:2      | Gained mutation: You have a pair of small horns on your
                  | head. [demonic ancestry]
  1084 | D:2      | Reached XP level 3. HP: 23/29 MP: 3/3
  1084 | D:2      | Noticed Robin
  1107 | D:2      | Killed Robin
  1108 | D:2      | Reached skill level 1 in Invocations
  1119 | D:2      | Slain by a goblin

Illustrated notes

Levels and vault maps discovered:
D:1:      dpeg_arrival_rhombus, layout_basic,
          dreamdust_ecumenical_altar_drowned_temple, minmay_misc_feat_cross
D:2:      layout_basic, basic_altar, uniq_robin

Skill      XL: |  1  2  3 |
---------------+----------+-----
Short Blades   | 3 |  3.2
Dodging        | 3 |  3.1
Invocations    | 1 |  1.1
Fighting       | |  3.4
Armour         | |  0.3
Stealth        | |  0.2

Action                     || total
---------------------------++-------
  Melee: Short sword       ||   117
         Headbutt          ||     5
 Invoke: Draw Destruction  ||     1
 Armour: Robe              ||    56
  Dodge: Dodged            ||    67
